 Dungeon Crawl Stone Soup version 0.30-a0-469-g84de5afbc5 (webtiles) character file.

Game seed: 9034709857850167822

2 NinjaNoafa the Digger (level 1, -2/10 HPs)
             Began as a Gargoyle Earth Elementalist on Dec 19, 2022.
             Slain by a gnoll
             ... wielding a +0 spear
              (6 damage)
             ... on level 1 of the Dungeon.
             The game lasted 00:00:31 (41 turns).

NinjaNoafa the Digger (Gargoyle Earth Elementalist)   Turns: 41, Time: 00:00:31

Health: -2/10      AC:  4    Str: 11    XL:     1   Next: 30%
Magic:  0/3        EV: 11    Int: 15    God:
Gold:   0          SH:  0    Dex: 10    Spells: 3/4 levels left

rFire   . . .      SeeInvis .    (no weapon)
rCold   . . .      Faith    .    (no shield)
rNeg    + . .      Spirit   .    a - +0 robe
rPois   ∞          Reflect  .    (no helmet)
rElec   +          Harm     .    (no cloak)
rCorr   .          Rampage  .    (no gloves)
Will    .....                    (no boots)
Stlth   ++........               (no amulet)
HPRegen 0.21/turn                (no ring)
MPRegen 0.08/turn                (no ring)

@: no status effects
A: sickness immunity, AC +2, negative energy resistance 1, electricity
resistance, torment resistance 1, petrification resistance
a: no special abilities


You were on level 1 of the Dungeon.
You visited 1 branch of the dungeon, and saw 1 of its levels.

Inventory:

Armour
 a - a +0 robe (worn)
Potions
 b - a potion of magic
 c - 2 potions of curing {unknown}
 d - a potion of haste {unknown}
 e - a potion of experience {unknown}


   Skills:
 - Level 1.5 Dodging
 - Level 2.1 Stealth
 + Level 2.0 Spellcasting
 + Level 0.8 Transmutations
 + Level 3.7 Earth Magic


You had 3 spell levels left.
You knew the following spells:

 Your Spells              Type           Power      Damage    Failure   Level
a - Sandblast             Erth           24%        2d8       4%          1

Your spell library contained the following spells:

 Spells                   Type           Power      Damage    Failure   Level
 Passwall                 Tmut/Erth      6%         N/A       13%         2
 Stone Arrow              Conj/Erth      14%        3d7       30%         3
 Petrify                  Tmut/Erth      8%         N/A       65%         4


Dungeon Overview and Level Annotations

Branches:
Dungeon (1/15)

Altars:


Innate Abilities, Weirdness & Mutations

You are immune to sickness and miasma.
Your stone body is resilient. (AC +2)
You are immune to poison.
You resist negative energy. (rN+)
You are resistant to electric shocks. (rElec)
You are resistant to unholy torment.
You are immune to petrification.


Message History

Found a staircase leading out of the dungeon.
Saving game... please wait.
Welcome back, NinjaNoafa the Gargoyle Earth Elementalist.
Press ? for a list of commands and other information.
c - a metallic silvery potion
c - 2 metallic silvery potions (gained 1)
d - a cyan potion
e - a bubbling clear potion An endoplasm comes into view.
An endoplasm is nearby!
An endoplasm is nearby!
A gnoll and a kobold come into view.
The endoplasm quivers.
The gnoll shouts!
The kobold shouts!
The kobold throws a stone.
The stone closely misses you.
A rat comes into view.
The blast of sand misses the endoplasm.
The blast of sand hits the endoplasm!
You kill the endoplasm!
An endoplasm comes into view.
The kobold hits you with a +0 short sword.
The gnoll hits you but does no damage. The kobold attacks as you move away!
The kobold hits you with a +0 short sword.
The kobold throws a stone.
The stone misses you.
The kobold throws a stone.
The stone hits you but does no damage.
The blast of sand misses the gnoll.
The blast of sand hits the rat!
You kill the rat!
The kobold throws a stone.
The stone misses you. The gnoll barely misses you.
The kobold throws a stone.
The stone hits you but does no damage.
You are out of magic!
The kobold throws a stone.
The stone barely misses you.
The kobold throws a stone.
The stone closely misses you.
The blast of sand hits the gnoll!
The gnoll is heavily wounded.
The gnoll hits you from afar with a +0 spear.
Ouch! That really hurt!
The gnoll hits you from afar with a +0 spear.
Ouch! That really hurt!
You die...

#.......~~~~≈~≈≈ .
##.....8.<~~~~~≈≈# ..
#.....8......~~≈≈# ...
#.....8.....~~.≈≈# ...
##....8.......~.~≈#
...##.............~.~≈#
....#.............~~~≈#
#.#.......[.......!~~≈#
............J.g.@...~≈#
..#.........K.###.~~~≈#
.##.....†..#### ######
.........#######
#####..........#
......##.........
#####..........#.
####.#.##.... ....# ..#


You could see a gnoll, an endoplasm and a kobold.

Vanquished Creatures
  An endoplasm (D:1)
  A rat (D:1)
2 creatures vanquished.

Notes
Turn   | Place    | Note
-------+----------+-------------------------------------------
     0 | D:1      | NinjaNoafa the Gargoyle Earth Elementalist began the quest
                  | for the Orb.
     0 | D:1      | Reached XP level 1. HP: 10/10 MP: 3/3
    41 | D:1      | Slain by a gnoll

Illustrated notes

Levels and vault maps discovered:
D:1:      nicolae_arrival_washed_ashore, layout_loops_ring

Action                   || total
-------------------------++-------
 Cast: Sandblast         ||     4
Armor: Robe              ||     3
Dodge: Dodged            ||     6

Table legend: (Time is in decaauts)
 A = Elapsed time spent in this place.
 B = Non-inter-level travel time spent in this place.
 C = Inter-level travel time spent in this place.
 D = Time resting spent in this place.
 E = Time spent auto-exploring this place.
 F = Levels seen in this place.
 G = Mean time per level.
                   A        B        C        D        E       F      G
               +--------+--------+--------+--------+--------+-----+--------+
         Total |     42 |     42 |      0 |      0 |     21 |   1 |   42.0 |
       Dungeon |     42 |     42 |      0 |      0 |     21 |   1 |   42.0 |
               +--------+--------+--------+--------+--------+-----+--------+

Top non-repeatable levels by time:
     D:1: 42 daAuts
